3AAA
SALT LAKE CITY BUZZ @ SUNSET DISTRICT FOG
08/10/2034
 
TOP OF THE 1ST
Salt Lake City Buzz batting - Pitching for Sunset District Fog : RHP Mark Roddam
Pitching: RHP Mark Roddam
Batting: RHB Germán Espantoso 0-0: Called Strike
0-1: Ground out 4-3 (Groundball, 4)
Batting: LHB Orlando Casillas 0-0: Ball
1-0: Ball
2-0: Ball
3-0: Base on Balls
Batting: RHB Bill Chaundler 0-0: Ball
1-0: Ball
2-0: Ball
3-0: Called Strike
3-1: Foul Ball, location: 2F
3-2: Base on Balls
Orlando Casillas to second
Batting: LHB Bob Daugherty 0-0: Ball
1-0: Ball
2-0: Called Strike
2-1: Foul Ball, location: 2F
2-2: Foul Ball, location: 2F
2-2: Ball
3-2: Foul Ball, location: 2F
3-2: Fly out, F7 (Line Drive, 7)
Batting: RHB Scott Ramsey 0-0: Ball
1-0: Ball
2-0: Ball
3-0: Called Strike
3-1: Base on Balls
Orlando Casillas to third
Bill Chaundler to second
Batting: RHB Christian Gentry 0-0: Ground out 4-3 (Groundball, 4)
Top of the 1st over - 0 runs, 0 hits, 0 errors, 3 left on base; Salt Lake City 0 - Sunset District 0
BOTTOM OF THE 1ST
Sunset District Fog batting - Pitching for Salt Lake City Buzz : RHP Dong-hwan Namgung
Pitching: RHP Dong-hwan Namgung
Batting: RHB Tom Woolever 0-0: Ball
1-0: Fly out, F8 (Flyball, 8RXD)
Batting: LHB Tim O'Neal 0-0: Ball
1-0: Ground out 4-3 (Groundball, 4S)
Batting: LHB Ieyoshi Samurakami 0-0: Ball
1-0: Ball
2-0: Called Strike
2-1: Foul Ball, location: 2F
2-2: Strikes out looking
Bottom of the 1st over - 0 runs, 0 hits, 0 errors, 0 left on base; Salt Lake City 0 - Sunset District 0
TOP OF THE 2ND
Salt Lake City Buzz batting - Pitching for Sunset District Fog : RHP Mark Roddam
Batting: RHB Fytor Ceia 0-0: Called Strike
0-1: Swinging Strike
0-2: Reached on error, E6 (Groundball, 56)
Batting: RHB Vicente Cruz 0-0: Foul Ball, location: 2F
0-1: Ball
1-1: Foul Ball, location: 2F
1-2: Ball
2-2: Ball
3-2: Strikes out swinging
Batting: RHB Olaf Esveld 0-0: Called Strike
0-1: Foul Ball, location: 2F
0-2: Ball
1-2: Grounds into double play, 6-4-3 (Groundball, 6)
Top of the 2nd over - 0 runs, 0 hits, 1 error, 0 left on base; Salt Lake City 0 - Sunset District 0
BOTTOM OF THE 2ND
Sunset District Fog batting - Pitching for Salt Lake City Buzz : RHP Dong-hwan Namgung
Batting: LHB Ed Berry 0-0: Called Strike
0-1: Ball
1-1: Foul Ball, location: 2F
1-2: Fly out, F7 (Flyball, 7)
Batting: RHB Silvian Burger 0-0: Called Strike
0-1: Ball
1-1: Ball
2-1: Called Strike
2-2: Strikes out swinging
Batting: LHB Arnold England 0-0: Foul Ball, location: 2F
0-1: Fly out, F8 (Flyball, 8RD)
Bottom of the 2nd over - 0 runs, 0 hits, 0 errors, 0 left on base; Salt Lake City 0 - Sunset District 0
TOP OF THE 3RD
Salt Lake City Buzz batting - Pitching for Sunset District Fog : RHP Mark Roddam
Batting: RHB Germán Espantoso 0-0: Foul Ball, location: 2F
0-1: Ball
1-1: Ground out U3 (Groundball, 3L)
Batting: LHB Orlando Casillas 0-0: Called Strike
0-1: Swinging Strike
0-2: Ball
1-2: Foul Ball, location: 2F
1-2: Ball
2-2: Strikes out looking
Batting: RHB Bill Chaundler 0-0: Called Strike
0-1: Foul Ball, location: 2F
0-2: Strikes out swinging
Top of the 3rd over - 0 runs, 0 hits, 0 errors, 0 left on base; Salt Lake City 0 - Sunset District 0
BOTTOM OF THE 3RD
Sunset District Fog batting - Pitching for Salt Lake City Buzz : RHP Dong-hwan Namgung
Batting: RHB Keohi Iese 0-0: Ball
1-0: Called Strike
1-1: Ground out 5-3 (Groundball, 56S)
Batting: RHB Gérard Chesnutt 0-0: Ball
1-0: Reached on error, E9 (Flyball, 89D)
Batting: LHB Jesús De Jesús 0-0: Fly out, F7 (Flyball, 7S)
Batting: RHB Tom Woolever 0-0: Ball
1-0: Ball
2-0: Ball
3-0: Called Strike
3-1: Ground out 6-3 (Groundball, 6M)
Bottom of the 3rd over - 0 runs, 0 hits, 1 error, 1 left on base; Salt Lake City 0 - Sunset District 0
TOP OF THE 4TH
Salt Lake City Buzz batting - Pitching for Sunset District Fog : RHP Mark Roddam
Batting: LHB Bob Daugherty 0-0: Called Strike
0-1: Foul Ball, location: 2F
0-2: Fly out, F5 (Popup, 56)
Batting: RHB Scott Ramsey 0-0: Ball
1-0: Foul Ball, location: 2F
1-1: Swinging Strike
1-2: Foul Ball, location: 2F
1-2: Ball
2-2: Ball
3-2: Strikes out swinging
Batting: RHB Christian Gentry 0-0: Ball
1-0: Ball
2-0: Ball
3-0: Called Strike
3-1: Foul Ball, location: 2F
3-2: Ground out 5-3 (Groundball, 5L)
Top of the 4th over - 0 runs, 0 hits, 0 errors, 0 left on base; Salt Lake City 0 - Sunset District 0
BOTTOM OF THE 4TH
Sunset District Fog batting - Pitching for Salt Lake City Buzz : RHP Dong-hwan Namgung
Batting: LHB Tim O'Neal 0-0: SINGLE (Groundball, 4D)
Batting: LHB Ieyoshi Samurakami 0-0: Called Strike
0-1: Foul Ball, location: 2F
0-2: SINGLE (Flyball, 89S)
Tim O'Neal to second
Runner from 2nd tries for 3rd, SAFE, throw made to third
Batting: LHB Ed Berry 0-0: Ball
1-0: SINGLE (Line Drive, 4D)
Tim O'Neal scores
Ieyoshi Samurakami to second
Runner from 2nd tries for 3rd, OUT!
Batting: RHB Silvian Burger 0-0: SINGLE (Line Drive, 6M)
Ed Berry to second
Batting: LHB Arnold England 0-0: Ball
1-0: Called Strike
1-1: Ball
2-1: Fly out, F6 (Popup, 6M)
Batting: RHB Keohi Iese 0-0: Swinging Strike
0-1: Ball
1-1: Called Strike
1-2: Ball
2-2: Ball
3-2: Ground out U3 (Groundball, 34)
Bottom of the 4th over - 1 run, 4 hits, 0 errors, 2 left on base; Salt Lake City 0 - Sunset District 1
TOP OF THE 5TH
Salt Lake City Buzz batting - Pitching for Sunset District Fog : RHP Mark Roddam
Batting: RHB Fytor Ceia 0-0: Ground out 6-3 (Groundball, 6)
Batting: RHB Vicente Cruz 0-0: Called Strike
0-1: Ball
1-1: Ball
2-1: Called Strike
2-2: Fly out, F9 (Flyball, 9D)
Batting: RHB Olaf Esveld 0-0: Ball
1-0: Ground out 4-3 (Groundball, 4)
Top of the 5th over - 0 runs, 0 hits, 0 errors, 0 left on base; Salt Lake City 0 - Sunset District 1
BOTTOM OF THE 5TH
Sunset District Fog batting - Pitching for Salt Lake City Buzz : RHP Dong-hwan Namgung
Batting: RHB Gérard Chesnutt 0-0: Swinging Strike
0-1: Called Strike
0-2: SINGLE (Groundball, 6D)
Batting: LHB Jesús De Jesús 0-0: Ball
1-0: Foul Ball, location: 2F
1-1: Swinging Strike
1-2: Foul Ball, location: 2F
1-2: Ball
2-2: SINGLE (Flyball, 9LM)
Gérard Chesnutt to second
Runner from 2nd tries for 3rd, SAFE, no throw
Batting: RHB Tom Woolever 0-0: Ball
1-0: Ball
2-0: Fielders Choice at 2nd, 5-4 (Groundball, 5L)
Gérard Chesnutt scores
Batting: LHB Tim O'Neal 0-0: Fielders Choice at 2nd, 4-6 (Groundball, 4)
Batting: LHB Ieyoshi Samurakami 0-0: Called Strike
0-1: Fly out, F9 (Line Drive, 9D)
Bottom of the 5th over - 1 run, 2 hits, 0 errors, 1 left on base; Salt Lake City 0 - Sunset District 2
TOP OF THE 6TH
Salt Lake City Buzz batting - Pitching for Sunset District Fog : RHP Mark Roddam
Batting: RHB Germán Espantoso 0-0: Ball
1-0: Called Strike
1-1: SINGLE (Line Drive, 89S)
Batting: LHB Orlando Casillas 0-0: Called Strike
Germán Espantoso is caught stealing 2nd base
0-1: Foul Ball, location: 2F
0-2: Ball
1-2: Ball
2-2: Foul Ball, location: 2F
2-2: Ball
3-2: Ground out 3-1 (Groundball, 34S)
Batting: RHB Bill Chaundler 0-0: Ground out U3 (Groundball, 3S)
Top of the 6th over - 0 runs, 1 hit, 0 errors, 0 left on base; Salt Lake City 0 - Sunset District 2
BOTTOM OF THE 6TH
Sunset District Fog batting - Pitching for Salt Lake City Buzz : RHP Dong-hwan Namgung
Batting: LHB Ed Berry 0-0: Called Strike
0-1: SINGLE (Groundball, 4MD)
Batting: RHB Silvian Burger 0-0: Ball
1-0: Foul Ball, location: 2F
1-1: Foul Ball, location: 2F
1-2: SINGLE (Groundball, 6MD)
Ed Berry to second
Runner from 2nd tries for 3rd, SAFE, throw made to third
Batting: LHB Arnold England 0-0: Called Strike
0-1: Swinging Strike
0-2: Ball
1-2: Fly out, F4 (Popup, 4D)
Batting: RHB Keohi Iese 0-0: Ball
1-0: Foul Ball, location: 2F
1-1: Ball
2-1: Foul Ball, location: 2F
2-2: Strikes out swinging
Silvian Burger is caught stealing 2nd base
Batter strikes out.
Bottom of the 6th over - 0 runs, 2 hits, 0 errors, 1 left on base; Salt Lake City 0 - Sunset District 2
TOP OF THE 7TH
Salt Lake City Buzz batting - Pitching for Sunset District Fog : RHP Mark Roddam
Batting: LHB Bob Daugherty 0-0: Called Strike
0-1: Ball
1-1: Ball
2-1: Ground out 4-3 (Groundball, 4)
Pitching: RHP Carlos Rodríguez
Batting: RHB Scott Ramsey 0-0: Called Strike
0-1: Called Strike
0-2: Strikes out looking
Batting: RHB Christian Gentry 0-0: Called Strike
0-1: Foul Ball, location: 2F
0-2: Ground out 4-3 (Groundball, 4)
Top of the 7th over - 0 runs, 0 hits, 0 errors, 0 left on base; Salt Lake City 0 - Sunset District 2
BOTTOM OF THE 7TH
Sunset District Fog batting - Pitching for Salt Lake City Buzz : RHP Dong-hwan Namgung
Batting: RHB Gérard Chesnutt 0-0: Called Strike
0-1: Ball
1-1: Fly out, F8 (Flyball, 8LXD)
Pitching: LHP Andrew Holloway
Batting: LHB Jesús De Jesús 0-0: Called Strike
0-1: Ball
1-1: Ball
2-1: Called Strike
2-2: Foul Ball, location: 2F
2-2: Foul Ball, location: 2F
2-2: Foul Ball, location: 2F
2-2: Strikes out swinging
Batting: RHB Tom Woolever 0-0: Called Strike
0-1: Ball
1-1: Foul Ball, location: 2F
1-2: Ball
2-2: Ball
3-2: Base on Balls
Batting: LHB Tim O'Neal 0-0: Called Strike
Tom Woolever steals 2nd base
0-1: Swinging Strike
0-2: Foul Ball, location: 2F
0-2: Ball
1-2: Foul Ball, location: 2F
1-2: SINGLE (Line Drive, 6M)
Tom Woolever to third
Runner from 3rd tries for Home, SAFE, no throw
Batting: LHB Ieyoshi Samurakami 0-0: Called Strike
0-1: Fly out, F6 (Popup, 6M)
Bottom of the 7th over - 1 run, 1 hit, 0 errors, 1 left on base; Salt Lake City 0 - Sunset District 3
TOP OF THE 8TH
Salt Lake City Buzz batting - Pitching for Sunset District Fog : RHP Carlos Rodríguez
Now in RF: Frank Brinton
Batting: RHB Fytor Ceia 0-0: Ball
1-0: Ball
2-0: Ball
3-0: Base on Balls
Batting: RHB Vicente Cruz 0-0: Foul Ball, location: 2F
0-1: Foul Ball, location: 2F
0-2: Foul Ball, location: 2F
0-2: Ball
1-2: Foul Ball, location: 2F
1-2: Foul Ball, location: 2F
1-2: Strikes out swinging
Batting: RHB Olaf Esveld 0-0: Called Strike
0-1: Called Strike
0-2: Ball
1-2: SINGLE (Line Drive, 8LS)
Fytor Ceia to second
Batting: RHB Germán Espantoso 0-0: Ball
1-0: Ball
2-0: Ball
3-0: Base on Balls
Fytor Ceia to third
Olaf Esveld to second
Batting: LHB Orlando Casillas 0-0: Called Strike
0-1: Ball
1-1: GRAND SLAM HOME RUN (Flyball, 9D), Distance : 386 ft
Pitching: RHP Larry Strozier
Batting: RHB Bill Chaundler 0-0: Called Strike
0-1: Foul Ball, location: 2F
0-2: Strikes out swinging
Batting: LHB Bob Daugherty 0-0: Ball
1-0: Ball
2-0: Ball
3-0: Foul Ball, location: 2F
3-1: SINGLE (Groundball, 34D)
Batting: RHB Scott Ramsey 0-0: Ball
1-0: Fly out, F9 (Flyball, 9S)
Top of the 8th over - 4 runs, 3 hits, 0 errors, 1 left on base; Salt Lake City 4 - Sunset District 3
BOTTOM OF THE 8TH
Sunset District Fog batting - Pitching for Salt Lake City Buzz : LHP Andrew Holloway
Now at 1B: Alje de Gast
Now at 2B: Hsui-chuan Hong
Now in CF: Yoichibei Chikafuji
Batting: LHB Ed Berry 0-0: Called Strike
0-1: Ball
1-1: Ball
2-1: SINGLE (Groundball, 34D)
Pitching: RHP Shotaro Sugahara
Batting: RHB Silvian Burger 0-0: Called Strike
0-1: Foul Ball, location: 2F
0-2: SINGLE (Line Drive, 56D)
Ed Berry to second
Batting: LHB Arnold England 0-0: Bunted foul
0-1: Ball
1-1: Sac Bunt - play at first, batter OUT! 3-4
Ed Berry to third
Silvian Burger to second
Batting: RHB Keohi Iese 0-0: Swinging Strike
0-1: Ball
1-1: Swinging Strike
1-2: SINGLE (Flyball, 9S)
Ed Berry scores
Silvian Burger to third
Runner from 3rd tries for Home, SAFE, no throw
Batting: RHB Gérard Chesnutt 0-0: Called Strike
0-1: Foul Ball, location: 2F
0-2: Ball
1-2: Ball
2-2: Ball
3-2: Base on Balls
Keohi Iese to second
Batting: LHB Jesús De Jesús 0-0: Ball
1-0: Swinging Strike
1-1: Foul Ball, location: 2F
1-2: Ball
2-2: Foul Ball, location: 2F
2-2: Foul Ball, location: 2F
2-2: Foul Ball, location: 2F
2-2: SINGLE (Flyball, 7S)
Keohi Iese to third
Gérard Chesnutt to second
Runner from 3rd tries for Home, SAFE, throw made home
Batting: LHB Frank Brinton 0-0: Ball
1-0: Foul Ball, location: 2F
1-1: Ball
2-1: Ball
3-1: Called Strike
3-2: Foul Ball, location: 2F
3-2: Grounds into double play, 6-4-3 (Groundball, 6M)
Bottom of the 8th over - 3 runs, 4 hits, 0 errors, 1 left on base; Salt Lake City 4 - Sunset District 6
TOP OF THE 9TH
Salt Lake City Buzz batting - Pitching for Sunset District Fog : RHP Larry Strozier
Batting: RHB Christian Gentry 0-0: SINGLE (Line Drive, 56D)
Batting: RHB Fytor Ceia 0-0: Ball
1-0: Foul Ball, location: 2F
1-1: Foul Ball, location: 2F
1-2: Ball
2-2: Fly out, F8 (Flyball, 8LM)
Batting: RHB Vicente Cruz 0-0: Called Strike
0-1: Ball
1-1: Called Strike
1-2: Strikes out swinging
Batting: RHB Olaf Esveld 0-0: Called Strike
0-1: Ball
1-1: SINGLE (Line Drive, 56)
Christian Gentry to second
Batting: RHB Germán Espantoso 0-0: Ball
1-0: Foul Ball, location: 2F
1-1: Called Strike
1-2: TRIPLE (Flyball, 78XD)
Christian Gentry scores
Olaf Esveld scores
Batting: RHB Hsui-chuan Hong 0-0: Called Strike
0-1: Ball
1-1: Ball
2-1: Fly out, F2 (Popup, 15S)
Top of the 9th over - 2 runs, 3 hits, 0 errors, 1 left on base; Salt Lake City 6 - Sunset District 6
BOTTOM OF THE 9TH
Sunset District Fog batting - Pitching for Salt Lake City Buzz : RHP Shotaro Sugahara
Pitching: RHP Carlton Roberts
Batting: LHB Tim O'Neal 0-0: Called Strike
0-1: Swinging Strike
0-2: Foul Ball, location: 2F
0-2: Ball
1-2: DOUBLE (Popup, 3D)
Batting: LHB Ieyoshi Samurakami 0-0: Intentional Walk
Batting: LHB Ed Berry 0-0: Called Strike
0-1: Foul Ball, location: 2F
0-2: Ball
1-2: Foul Ball, location: 2F
1-2: Strikes out swinging
Batting: RHB Silvian Burger 0-0: Ball
1-0: Foul Ball, location: 2F
1-1: Fly out, F7 (Flyball, 78D)
Batting: LHB Arnold England 0-0: Foul Ball, location: 2F
0-1: SINGLE (Groundball, 4MD)
Tim O'Neal to third
Ieyoshi Samurakami to second
Runner from 3rd tries for Home, SAFE, throw made home
Friday, March 29th, 2019 - OOTP Baseball 18.8 Build 76